Map: Bel'Shir Vestige LE (Void)

Players

NORTHAMERICA

  • Race: Protoss Protoss
  • League: Master
  • Spawn Location: 11:00

llllllllllll - Winner!

  • Race: Protoss Protoss
  • League: Grandmaster
  • Spawn Location: 5:00

VOD

Have the link to the VOD?

Description

Time

  • Played on: April 13, 2017, 12:34 a.m.
  • Length: 8:19
Show
View Real Time Build Order
Export as new Build Order

NORTHAMERICA Protoss 

Build Orders:  

Get SALT Encoding   

  12  0:02  Probe (Chrono Boost)  
  13  0:13  Probe (Chrono Boost)  
  14  0:18  Pylon  
  14  0:23  Probe (Chrono Boost)  
  15  0:36  Probe (Chrono Boost)  
  15  0:37  Gateway  
  16  0:47  Probe (Chrono Boost)  
  17  0:50  Assimilator  
  17  0:54  Assimilator  
  17  0:57  Probe (Chrono Boost)  
  18  1:08  Probe (Chrono Boost)  
  18  1:10  Gateway  
  19  1:18  Probe (Chrono Boost)  
  19  1:23  Cybernetics Core  
  20  1:29  Probe (Chrono Boost)  
  21  1:35  Pylon  
  22  1:40  Probe (Chrono Boost)  
  22  1:50  Probe (Chrono Boost)  
  23  1:56  Warp Gate  
  23  2:00  Stalker  
  23  2:01  Stalker, Probe (Chrono Boost)  
  28  2:12  Probe (Chrono Boost)  
  29  2:21  Robotics Facility  
  29  2:30  Pylon  
  31  2:46  Mothership Core (Chrono Boost)  
  30  2:53  Stalker  
  32  3:13  Nexus  
  32  3:15  Pylon  
  32  3:25  Immortal  
  36  3:36  Probe (Chrono Boost)  
  37  3:41  Gateway  
  38  3:48  Probe (Chrono Boost)  
  38  4:00  Probe (Chrono Boost)  
  38  4:02  Pylon  
  39  4:05  Adept  
  39  4:07  Adept  
  44  4:16  Immortal  
  47  4:30  Sentry  
  49  4:33  Pylon  
  49  4:38  Adept  
  41  4:47  Adept  
  39  4:57  Immortal  
  37  5:18  Robotics Bay  
  37  5:24  Adept  
  39  5:28  Adept  
  41  5:38  Observer  
  42  5:47  Probe (Chrono Boost)  
  43  6:02  Stalker  
  45  6:12  Disruptor  
  45  6:17  Pylon  
  48  6:24  Probe (Chrono Boost)  
  49  6:38  Gravitic Drive  
  49  6:44  Warp Prism  
  47  6:57  Nexus  
  47  7:11  Adept  
  49  7:17  Disruptor  
  49  7:19  Pylon  
  49  7:22  Probe (Chrono Boost)  
  53  7:29  Adept  
  55  7:34  Probe (Chrono Boost)  
  56  7:42  Twilight Council  
  56  7:46  Probe (Chrono Boost)  
  53  7:58  Probe (Chrono Boost)  
Show
View Real Time Build Order
Export as new Build Order

llllllllllll Protoss - Winner!

Build Orders:  

Get SALT Encoding   

  12  0:13  Probe (Chrono Boost)  
  13  0:17  Pylon  
  13  0:24  Probe (Chrono Boost)  
  14  0:34  Probe (Chrono Boost)  
  14  0:35  Gateway  
  15  0:40  Assimilator  
  15  0:45  Probe (Chrono Boost)  
  15  0:49  Assimilator  
  16  0:55  Probe (Chrono Boost)  
  17  1:04  Gateway  
  17  1:06  Probe (Chrono Boost)  
  18  1:17  Probe (Chrono Boost)  
  19  1:22  Cybernetics Core  
  19  1:27  Probe (Chrono Boost)  
  19  1:32  Pylon  
  20  1:38  Probe (Chrono Boost)  
  21  1:44  Warp Gate  
  21  1:48  Probe (Chrono Boost)  
  22  1:58  Adept x2  
  26  2:05  Twilight Council  
  26  2:11  Probe (Chrono Boost)  
  27  2:20  Robotics Facility  
  27  2:25  Adept  
  27  2:26  Adept  
  31  2:34  Pylon  
  31  2:56  Gateway  
  31  2:59  Sentry x2, Gateway  
  35  3:10  Warp Prism  
  37  3:18  Pylon  
  37  3:52  Stalker x4  
  45  3:59  Pylon  
  45  4:21  Stalker x3  
  51  4:27  Observer  
  51  4:29  Probe (Chrono Boost)  
  41  4:55  Stalker, Sentry  
  41  4:56  Stalker  
  48  5:00  Probe (Chrono Boost)  
  48  5:10  Probe (Chrono Boost)  
  49  5:21  Probe (Chrono Boost)  
  50  5:24  Nexus  
  50  5:31  Immortal  
  54  5:46  Stargate  
  54  5:57  Pylon  
  55  6:04  Mothership Core (Chrono Boost)  
  55  6:15  Adept  
  55  6:16  Adept x2  
  61  6:20  Pylon  
  61  6:29  Phoenix x2  
  63  6:37  Probe (Chrono Boost)  
  63  6:39  Probe (Chrono Boost)  
  65  6:48  Probe (Chrono Boost)  
  65  6:51  Phoenix, Probe (Chrono Boost)  
  67  7:00  Adept x2  
  73  7:12  Phoenix  
  73  7:22  Zealot x2, Pylon  
  79  7:23  Zealot  
  81  7:34  Phoenix  
  83  7:56  Adept x4  
  91  8:00  Pylon  
  91  8:04  Pylon  
Tags
 
Add a new tag
Caveats
  • Supply blocks, unpowered buildings, or Contaminate may cause inaccurate times.
  • Supply counts are checked every 10 seconds.